cohdb
Replays
Latest Replays
All Replays
Popular Replays
Top Player Replays
Match Explorer
How It Works
Community
CoH3 Stats
Reddit
Sign in to upload your games and track your stats! →
Sign in with Steam
Match 43709857
Unlisted
Match 43709857
Overview
Messages
Build Orders
End
Selects Terror Battlegroup
Selects Machine Gun Camouflage
Construct Infanterie Kompanie
Pioneer Squad
MG 42 Machine Gun Team
Grenadier Squad
Construct Luftwaffe Kompanie
Pioneer Squad
Selects Interrogate
Flak 30 Anti-aircraft Gun Team
Jäger Squad
Infanterie Officer Quarters
221 Scout Car
Jäger Squad
Support Elements
Kettenkrad Recon Vehicle
Luftwaffe Officer Quarters
Selects Propaganda Leaflet Drop
Propaganda Leaflet Drop
Medical Bunker
Forward Retreat Point
Construct Panzer Kompanie
Propaganda Leaflet Drop
Selects No Quarter
Panzer IV Medium Tank
Panzer Officer Quarters
Propaganda Leaflet Drop
Larry
Victor
hogarthw
Kitchengun
[☆] Matter
Tom
0
0
Comments
sign in to comment!
No comments posted yet!